 Dungeon Crawl Stone Soup version 0.29-a0-830-gcb1280458a (webtiles) character file.

Game seed: 16473109428291917692

43 Bnni the Shooter (level 3, -12/30 HPs)
             Began as a Demonspawn Hunter on July 12, 2022.
             Was an Initiate of Gozag.
             Engulfed by a cloud of flame (14 damage)
             ... on level 2 of the Dungeon.
             The game lasted 00:01:33 (1072 turns).

Bnni the Shooter (Demonspawn Hunter)                Turns: 1072, Time: 00:01:34

Health: -12/30     AC:  4    Str: 10 (11) XL:     3   Next: 37%
Magic:  3/3        EV: 11    Int:  8 (10) God:    Gozag
Gold:   127        SH:  0    Dex: 15 (18) Spells: 2/2 levels left

rFire   . . .      SeeInvis .   a - +0 shortbow
rCold   . . .      Faith    .   (shield currently unavailable)
rNeg    . . .      Spirit   .   c - +0 leather armour
rPois   .          Reflect  .   (helmet restricted)
rElec   .          Harm     .   f - +0 cloak
rCorr   .          Rampage  .   (no gloves)
Will    .....                   (no boots)
Stlth   +.........              (no amulet)
HPRegen 0.10/turn               (no ring)
MPRegen 0.08/turn               (no ring)

@: gold aura
A: hooves 1, foul stench 1, antennae 1, robust 1
a: Renounce Religion, Potion Petition, Call Merchant, Bribe Branch


You were on level 2 of the Dungeon.
You worshipped Gozag.
Gozag was aware of your devotion.
You visited 1 branch of the dungeon, and saw 2 of its levels.

You collected 127 gold pieces.

Inventory:

Hand Weapons
 a - a +0 shortbow (weapon)
Armour
 c - a +0 leather armour (worn)
 f - a +0 cloak (worn)
Scrolls
 g - a scroll of enchant weapon {unknown}
 h - a scroll of fog {unknown}
Potions
 d - a potion of degeneration


   Skills:
 + Level 2.7 Fighting
 * Level 4.4 Ranged Weapons
 - Level 1.7 Dodging
 - Level 0.8 Stealth


You had 2 spell levels left.
You didn't know any spells.
Your spell library contained the following spells:

 Spells                   Type           Power      Damage    Failure   Level
 Freeze                   Ice            0%         1d3       52%         1
 Frozen Ramparts          Ice            0%         1d2       87%         3
 Hailstorm                Conj/Ice       0%         3d3       99%         4


Dungeon Overview and Level Annotations

Branches:
Dungeon (2/15)

Altars:
Gozag


Innate Abilities, Weirdness & Mutations

You have large cloven feet.
You may rarely emit foul miasma when damaged in melee.
You have a pair of small antennae on your head.
You are robust. (+10% HP)


Message History

The frilled lizard bites you but does no damage.
Okay, then.
Okay, then.
The frilled lizard attacks as you move away!
The frilled lizard bites you.
A worm comes into view.
The frilled lizard attacks as you move away!
The frilled lizard misses you. The frilled lizard closely misses you.
The frilled lizard closely misses you. The gnoll barely misses you.
The frilled lizard attacks as you move away!
The frilled lizard bites you.
* * * LOW HITPOINT WARNING * * *
The gnoll closely misses you.
The frilled lizard attacks as you move away!
The frilled lizard barely misses you.
Really read the scroll of immolation? [Y]es or [N]o only, please.
Really read the scroll of immolation?
As you read the scroll of immolation, it crumbles to dust.
The creatures around you are filled with an inner flame!
The frilled lizard bites you but does no damage.
The gnoll closely misses you.
The frilled lizard attacks as you move away!
The frilled lizard closely misses you.
Fire: a) +0 shortbow
Press: ? - help, Q - select action, (/) - cycle Shift-Dir - straight line, f/p - frilled lizard
Aim: a frilled lizard (inner flame, 44% to hit)
You shoot an arrow. The arrow hits the frilled lizard.
The frilled lizard explodes!
The fiery explosion engulfs you!
* * * LOW HITPOINT WARNING * * *
The fiery explosion engulfs the gnoll!
The gnoll explodes!
The fiery explosion engulfs the worm!!
The fiery explosion engulfs the gnoll!!!
The gnoll explodes!
The worm explodes!
You are engulfed in blazing flames.
You die...
Your body crumbles into a pile of gold.

#. ###### #.....
#.#### #########
#.......# #
#@#####.#####.#
#§# ##.......#
#§####.....#######
#§§..'.....'......
#§§###.....#######
#.g..g.#####
#.####.# #$# #.#
#.# #g#


You could see a gnoll.

Vanquished Creatures
  Terence (D:2)
  2 gnolls (D:2)
  A worm (D:2)
  2 ball pythons (D:1)
  4 endoplasms
  A giant cockroach (D:2)
  3 jackals (D:1)
  A bat (D:1)
  A frilled lizard (D:2)
  A goblin (D:1)
  A kobold (D:1)
  4 rats
22 creatures vanquished.

Vanquished Creatures (others)
  3 plants (D:1)
3 creatures vanquished.

Grand Total: 25 creatures vanquished

Notes
Turn   | Place    | Note
-------+----------+-------------------------------------------
     0 | D:1      | Bnni the Demonspawn Hunter began the quest for the Orb.
     0 | D:1      | Reached XP level 1. HP: 16/16 MP: 1/1
   474 | D:1      | Found a faded altar of an unknown god.
   482 | D:1      | Prayed at the altar of an unknown god.
   482 | D:1      | Became a worshipper of Gozag Ym Sagoz the Greedy
   722 | D:1      | Gained mutation: You may rarely emit foul miasma when
                  | damaged in melee. [demonic ancestry]
   722 | D:1      | Reached XP level 2. HP: 22/22 MP: 2/2
   751 | D:1      | Reached skill level 4 in Ranged Weapons
  1019 | D:2      | Noticed Terence
  1023 | D:2      | Killed Terence
  1024 | D:2      | Gained mutation: You have large cloven feet. [demonic
                  | ancestry]
  1024 | D:2      | Reached XP level 3. HP: 17/28 MP: 3/3
  1028 | D:2      | Gained mutation: You are robust. (+10% HP) [potion of
                  | mutation]
  1028 | D:2      | Gained mutation: You have a pair of small antennae on your
                  | head. [potion of mutation]
  1072 | D:2      | Engulfed by a cloud of flame

Illustrated notes

Levels and vault maps discovered:
D:1:      lightli_arrival_statuegarden, layout_basic,
          dreamdust_ecumenical_altar_statues
D:2:      cheibrodos_old_hovel, layout_basic, grunt_decor_mini_mirrors,
          uniq_terence

Skill      XL: |  1  2 |
---------------+-------+-----
Ranged Weapons | 4 |  4.4
Fighting       | |  2.7
Dodging        | |  1.7
Stealth        | |  0.8

Action                   || total
-------------------------++-------
 Fire: Shortbow          ||    44
  Use: Potion            ||     3
       Scroll            ||     1
Armor: Leather armour    ||    16
Dodge: Dodged            ||    26

Table legend: (Time is in decaauts)
 A = Elapsed time spent in this place.
 B = Non-inter-level travel time spent in this place.
 C = Inter-level travel time spent in this place.
 D = Time resting spent in this place.
 E = Time spent auto-exploring this place.
 F = Levels seen in this place.
 G = Mean time per level.
                   A        B        C        D        E       F      G
               +--------+--------+--------+--------+--------+-----+--------+
         Total |   1087 |   1073 |     14 |      0 |    909 |   2 |  543.5 |
       Dungeon |   1087 |   1073 |     14 |      0 |    909 |   2 |  543.5 |
               +--------+--------+--------+--------+--------+-----+--------+

Top non-repeatable levels by time:
     D:1: 930 daAuts
     D:2: 156 daAuts
